 Dungeon Crawl Stone Soup version 0.27.1-33-g824d729ab1 (webtiles) character file.

Game seed: 6765747235000864725

3683 zeram the Covert (level 10, -4/50 HPs)
             Began as a Kobold Enchanter on Dec 4, 2021.
             Was an Initiate of Gozag.
             Killed by mirror damage (12 damage)
             ... on level 8 of the Dungeon.
             The game lasted 00:23:09 (9218 turns).

zeram the Covert (Kobold Enchanter)                 Turns: 9218, Time: 00:23:10

Health: -4/50      AC:  8    Str:  6    XL:     10   Next: 35%
Magic:  22/22      EV: 24    Int: 19    God:    Gozag
Gold:   896        SH:  0    Dex: 18    Spells: 15/26 levels left

rFire    . . .     SeeInvis .   A - +9 mace of Honour {flame, +Blink rC- Dex+2}
rCold    x . .     Faith    .   (shield restricted)
rNeg     . . .     Spirit   .   b - +2 robe
rPois    .         Reflect  .   i - +2 hat
rElec    .         Harm     .   z - +1 cloak {Will+}
rCorr    .         Rampage  .   (no gloves)
Will     +....                  (no boots)
Stlth    ++++++....             t - amulet of regeneration
HPRegen  1.16/turn              v - +4 ring of slaying
MPRegen  0.18/turn              s - +4 ring of evasion

@: no status effects
A: small, no large weapons, nightstalker 3
a: Renounce Religion, Evoke Blink, Potion Petition, Call Merchant, Bribe Branch


You were on level 8 of the Dungeon.
You worshipped Gozag.
Gozag was pleased with you.
You visited 1 branch of the dungeon, and saw 8 of its levels.

You collected 1396 gold pieces.
You spent 468 gold pieces at shops.
You paid 32 gold pieces to Gozag.

Inventory:

Hand Weapons
 a - a +1 dagger of venom
 d - a +0 dagger of venom
 A - the +9 mace of Honour (weapon) {flame, +Blink rC- Dex+2}
   (You found it on level 7 of the Dungeon)

   It burns those it strikes, dealing additional fire damage.
   Dex:       It affects your dexterity (+2).
   rC:        It makes you vulnerable to cold.
   +Blink:    It lets you blink.
Missiles
 c - 3 throwing nets
Armour
 b - a +2 robe (worn)
 i - a +2 hat (worn)
 u - a +2 cloak
 z - a +1 cloak of willpower (worn)
Jewellery
 f - a ring of poison resistance
 h - a ring of magical power
 j - a ring of positive energy
 o - a ring of willpower
 s - a +4 ring of evasion (right hand)
 t - an amulet of regeneration (around neck)
 v - a +4 ring of slaying (left hand)
 x - an amulet of magic regeneration
Wands
 g - a wand of paralysis (7)
 m - a wand of flame (41)
 n - a wand of acid (5)
 r - a wand of polymorph (10)
 w - a wand of iceblast (8)
Scrolls
 k - 2 scrolls of teleportation
 y - a scroll of torment
 B - a scroll of magic mapping
 C - a scroll of identify
 D - a scroll of brand weapon
Potions
 e - a potion of brilliance
 p - 3 potions of attraction
 q - 3 potions of degeneration


   Skills:
 - Level 1.3 Short Blades
 + Level 8.7 Dodging
 + Level 13.2 Stealth
 * Level 8.6 Spellcasting
 - Level 3.0 Hexes


You had 15 spell levels left.
You knew the following spells:

 Your Spells              Type           Power      Damage    Failure   Level
a - Corona                Hex            21%        N/A       2%          1
b - Ensorcelled Hibernat  Hex/Ice        26%        N/A       7%          2
c - Tukima's Dance        Hex            19%        N/A       8%          3
d - Blink                 Tloc           N/A        N/A       13%         2
e - Call Canine Familiar  Summ           8%         N/A       26%         3

Your spell library contained the following spells:

 Spells                   Type           Power      Damage    Failure   Level
 Confusing Touch          Hex            19%        N/A       8%          3
 Freeze                   Ice            32%        1d5       9%          1
 Summon Small Mammal      Summ           32%        N/A       9%          1
 Dazzling Flash           Conj/Hex       26%        N/A       14%         3
 Summon Guardian Golem    Hex/Summ       13%        N/A       14%         3
 Frozen Ramparts          Ice            16%        1d3       26%         3
 Lesser Beckoning         Tloc           4%         N/A       26%         3
 Animate Armour           Summ/Erth      16%        N/A       65%         4
 Hailstorm                Conj/Ice       8%         3d4       65%         4
 Blade Hands              Tmut           4%         N/A       94%         5
 Manifold Assault         Tloc           8%         N/A       94%         5
 Iron Shot                Conj/Erth      4%         9d2       100%        6


Dungeon Overview and Level Annotations

Branches:
Dungeon (8/15)             Temple (0/1) D:4
   Lair: D:8-11

Altars:
Cheibriados
Dithmenos
Fedhas
Gozag
Makhleb
Okawaru

Shops:
D:4 =

Annotations:
D:7 Menkaure


Innate Abilities, Weirdness & Mutations

You are small and have problems with some larger weapons.
You are completely attuned to the shadows.


Message History

You resist with some effort.
The death knight's dark mirror aura disappears.
The death knight calls down the wrath of Yredelemnul upon you.
Your body is wracked with pain!
Unknown command.
The death knight completely misses you.
The death knight calls down the wrath of Yredelemnul upon you.
You resist with some effort.
The death knight calls down the wrath of Yredelemnul upon you.
You resist with some effort.
There is a stone staircase leading up here.
HP restored.
The death knight offers itself to Yredelemnul, and fills with unholy energy.
You climb upwards.
Level annotation: Menkaure
There is a stone staircase leading down here.
You climb downwards.
There is a stone staircase leading up here.
You barely miss the death knight.
The death knight is lightly wounded.
The death knight hits you with a +4 broad axe!
The death knight barely misses you.
You barely miss the death knight.
The death knight is lightly wounded.
The death knight misses you.
You hit the death knight. You burn the death knight.
The death knight is moderately wounded.
The death knight reflects your damage back at you!
The death knight completely misses you.
You sock the death knight! You burn the death knight.
The death knight is heavily wounded.
The death knight reflects your damage back at you!
The death knight hits you with a +4 broad axe!!
* * * LOW HITPOINT WARNING * * *
The death knight completely misses you.
You thump the death knight! You burn the death knight.
The death knight is severely wounded.
The death knight reflects your damage back at you!
You die...
Your body crumbles into a pile of gold.

...................# #.)...##
...................# #.....##
...................# #.....##
...................# #.....##
...................# #.....##
...................####.....##
..............................
........(.....................
.<...........@p...............
.............................
............................
..........................
......................
....................
........########### >... ..


You could see a death knight (reflects damage).

Vanquished Creatures
  Harold (D:6)
  Maggie (D:8)
  A wyvern (D:8)
  A vampire (D:8)
  A steam dragon (D:8)
  A water moccasin (D:6)
  2 orc warriors
  An ice beast (D:6)
  A sky beast (D:5)
  2 black bears
  3 centaurs (D:8)
  A necrophage (D:8)
  3 bullfrogs
  A wyvern skeleton (D:6)
  A water moccasin skeleton (D:5)
  A wight (D:6)
  A centaur zombie (D:7)
  5 orc priests
  Crazy Yiuf (D:7)
  2 bullfrog skeletons
  An iguana (D:6)
  An iron imp (D:3)
  9 orc wizards
  Ijyb (D:3)
  A scorpion zombie (D:5)
  2 hound skeletons (D:4)
  4 gnolls (D:4)
  2 howler monkey skeletons
  7 adders
  A shadow imp (D:5)
  3 ufetubi
  5 worms
  A dart slug (D:2)
  36 orcs
  9 ball pythons
  6 bats
  4 endoplasms
  5 giant cockroaches
  8 goblins
  11 hobgoblins
  5 jackals
  4 quokkas
  2 frilled lizards (D:1)
  A jackal zombie (D:4)
  5 kobolds
  5 rats
170 creatures vanquished.

Vanquished Creatures (collateral kills)
  2 wights (D:6)
2 creatures vanquished.

Vanquished Creatures (others)
  An orc wizard (D:8)
1 creature vanquished.

Grand Total: 173 creatures vanquished

Notes
Turn   | Place    | Note
-------+----------+-------------------------------------------
     0 | D:1      | zeram the Kobold Enchanter began the quest for the Orb.
     0 | D:1      | Reached XP level 1. HP: 10/10 MP: 3/3
   535 | D:1      | Reached XP level 2. HP: 15/15 MP: 5/5
   691 | D:1      | Reached skill level 5 in Stealth
   909 | D:1      | Reached XP level 3. HP: 19/19 MP: 6/6
   910 | D:1      | Found a faded altar of an unknown god.
  1566 | D:1      | Learned a level 2 spell: Ensorcelled Hibernation
  1571 | D:2      | Reached skill level 6 in Stealth
  1571 | D:2      | Reached XP level 4. HP: 24/24 MP: 2/7
  1648 | D:2      | Learned a level 3 spell: Tukima's Dance
  1677 | D:2      | Found an opulent altar of Gozag.
  1743 | D:2      | Became a worshipper of Gozag Ym Sagoz the Greedy
  2266 | D:3      | Reached skill level 7 in Stealth
  2266 | D:3      | Reached XP level 5. HP: 17/28 MP: 8/8
  2997 | D:3      | Learned a level 2 spell: Blink
  3005 | D:3      | Found a snail-covered altar of Cheibriados.
  3060 | D:3      | Noticed Ijyb
  3063 | D:3      | Killed Ijyb
  3064 | D:3      | Reached skill level 8 in Stealth
  3182 | D:3      | Reached XP level 6. HP: 11/32 MP: 6/9
  3743 | D:4      | Found an iron altar of Okawaru.
  4131 | D:4      | Reached skill level 9 in Stealth
  4626 | D:4      | Found a staircase to the Ecumenical Temple.
  4629 | D:4      | Reached XP level 7. HP: 36/36 MP: 11/11
  4793 | D:4      | Found Siwas's Jewellery Shop.
  4898 | D:5      | Entered Level 5 of the Dungeon
  5075 | D:4      | Bought a +4 ring of evasion for 468 gold pieces
  5214 | D:5      | Found a burning altar of Makhleb.
  5369 | D:5      | Reached skill level 10 in Stealth
  5939 | D:6      | Learned a level 3 spell: Call Canine Familiar
  6179 | D:6      | Found a blossoming altar of Fedhas.
  6295 | D:6      | Found a shadowy altar of Dithmenos.
  6394 | D:6      | Reached XP level 8. HP: 38/39 MP: 10/13
  6591 | D:6      | Reached skill level 11 in Stealth
  7086 | D:7      | Reached skill level 5 in Spellcasting
  7221 | D:7      | Noticed Harold
  7368 | D:6      | Reached skill level 5 in Dodging
  7624 | D:7      | Noticed Menkaure
  7783 | D:6      | Killed Harold
  7784 | D:6      | Reached skill level 12 in Stealth
  7784 | D:6      | Reached XP level 9. HP: 25/45 MP: 16/19
  7943 | D:7      | Found a runed translucent door.
  7946 | D:7      | Noticed Crazy Yiuf
  7951 | D:7      | Killed Crazy Yiuf
  7965 | D:7      | Identified the +9 mace of Honour {flame, +Blink rC- Dex+2}
  8556 | D:8      | Reached XP level 10. HP: 45/50 MP: 20/22
  8890 | D:8      | Noticed Maggie
  8897 | D:8      | Killed Maggie
  8898 | D:8      | Reached skill level 13 in Stealth
  9067 | D:8      | Noticed a death knight
  9218 | D:8      | Killed by mirror damage

Illustrated notes

Levels and vault maps discovered:
D:1:      arrival_zaba_pyramid, layout_basic,
          shapermc_ecumenical_altar_starsandcircs
D:2:      layout_rooms, basic_altar, minmay_small_reverse_x
D:3:      layout_basic, chei_slow_surprise, cheibrodos_sewer_entry_bend,
          uniq_ijyb
D:4:      minmay_chambers_of_fours, layout_loops_ring,
          okawaru_ov_weapons_minmay, minmay_temple_entry_proselytizer,
          serial_shops, nicolae_shop_stone, corexii_leaking_fountain
D:5:      minmay_angry_zag, layout_rooms, mainiacjoe_overflow_cross_hatched,
          abandoned_shop
D:6:      layout_loops_ring, mainiacjoe_overflow_tiny_flanked,
          grunt_dithmenos_smoke, dk_rats_in_the_wall
D:7:      wander_river, layout_rooms, minivault_5, uniq_menkaure,
          uniq_crazy_yiuf_cottage, uniq_harold
D:8:      minmay_octagon_keep, layout_basic, uniq_maggie

Skill      XL: |  1  2  3  4  5  6  7  8  9 10 |
---------------+-------------------------------+-----
Stealth        | 5 6 7 8 9 10 12 13 | 13.2
Dodging        | 3 4 6 7 8 |  8.7
Spellcasting   | 3 7 8 |  8.6
Short Blades   | |  1.3
Hexes          | |  3.0

Action                   |  1- 3 |  4- 6 |  7- 9 | 10-12 || total
-------------------------+-------+-------+-------+-------++-------
Melee: Dagger            |    46 |   151 |   211 |     1 ||   409
       Mace              |       |       |    60 |    63 ||   123
 Cast: Corona            |     3 |       |     6 |     1 ||    10
       Ensorcelled Hiber |     1 |    21 |    28 |     4 ||    54
       Tukima's Dance    |       |       |     3 |       ||     3
  Use: Scroll            |     1 |     8 |    10 |     1 ||    20
       Potion            |       |       |     7 |       ||     7
 Stab: Sleeping          |    20 |    50 |    22 |     1 ||    93
       Distracted        |       |       |     1 |     1 ||     2
Armor: Robe              |     5 |     9 |    59 |    11 ||    84
Dodge: Dodged            |    19 |    85 |   340 |   103 ||   547
